 Dungeon Crawl Stone Soup version 0.20-a0-256-gabb291d (console) character file.

4814 nht the Marksminotaur (level 10, -3/74 HPs)
             Began as a Minotaur Wanderer on Dec 1, 2016.
             Was a High Priest of Okawaru.
             Slain by Jarno's ghost (8 damage)
             ... on level 8 of the Dungeon.
             The game lasted 00:22:01 (8544 turns).

nht the Marksminotaur (Minotaur Wanderer)           Turns: 8544, Time: 00:22:01

Health: -3/74      AC: 11    Str: 22    XL:     10   Next: 24%
Magic:  9/9        EV: 10    Int: 12    God:    Okawaru [*****.]
Gold:   664        SH:  0    Dex: 10    Spells: 9/9 levels left

rFire  . . .     SeeInvis .     C - +0 quarterstaff
rCold  . . .     Gourm    .     a - +2 scale mail
rNeg   + . .     Faith    +     (shield currently unavailable)
rPois  +         Spirit   .     q - +1 hat
rElec  .         Reflect  .     j - +0 cloak
rCorr  .         Harm     .     (no gloves)
MR     .....     Clarity  +     v - +0 pair of boots
Stlth  ..........               r - amulet of faith
                                u - ring of poison resistance
                                m - ring of positive energy

@: mighty
A: retaliatory headbutt, hooves 1, horns 2, clarity, subdued magic 1
a: Heroism, Finesse, Renounce Religion


You were on level 8 of the Dungeon.
You worshipped Okawaru.
Okawaru was extremely pleased with you.
You were not hungry.

You visited 1 branch of the dungeon, and saw 8 of its levels.
You also visited: Ossuary.

You collected 664 gold pieces.

Inventory:

Hand Weapons
 b - a +1 shortbow
 w - a +0 flail
 y - a +0 battleaxe
 C - a +0 quarterstaff (weapon)
 D - a +0 falchion
Missiles
 c - 60 arrows
Armour
 a - a +2 scale mail (worn)
 j - a +0 cloak (worn)
 q - a +1 hat (worn)
 v - a +0 pair of boots (worn)
Jewellery
 h - an uncursed ring of flight
 m - a ring of positive energy (left hand)
 r - an amulet of faith (around neck)
 u - a ring of poison resistance (right hand)
 F - an uncursed ring of ice
Wands
 B - a wand of lightning (0/15)
 I - a wand of iceblast (0/15)
Scrolls
 d - 2 scrolls of teleportation
 e - 2 scrolls of enchant weapon
 l - 6 scrolls of enchant armour
 n - 4 scrolls of remove curse
 o - a scroll of recharging
 G - a scroll of magic mapping
Potions
 g - a potion of resistance
 t - 2 potions of brilliance
 x - a potion of curing
 E - a potion of cancellation
Comestibles
 f - 13 bread rations
 i - 5 fruits
 k - 9 beef jerkies
 p - 4 meat rations
 s - 3 chunks of flesh


   Skills:
 - Level 2.4 Fighting
   Level 1.2 Polearms
 + Level 15.7 Bows
 - Level 1.2 Armour
 - Level 1.1 Dodging
   Level 2.4 Shields


You had 9 spell levels left.
You didn't know any spells.

Dungeon Overview and Level Annotations

Branches:
Dungeon (8/15)             Temple (0/1) D:7
   Lair: D:8-11

Altars:
Ashenzari
Fedhas
Gozag
Kikubaaqudgha
Makhleb
Okawaru
The Shining One

Annotations:
D:8 Jarno's ghost, novice MiFi


Innate Abilities, Weirdness & Mutations

You reflexively headbutt those who attack you in melee.
You have a pair of horns on your head.
You have large cloven feet.
You possess an exceptional clarity of mind.
Your spells are a little easier to cast, but a little less powerful.


Message History

Jarno's ghost is severely damaged.
Jarno's ghost hits you.
* * * LOW HITPOINT WARNING * * *
You closely miss Jarno's ghost.
Jarno's ghost is severely damaged.
Jarno's ghost hits you but does no damage.
You writhe in agony.
* * * LOW HITPOINT WARNING * * *
You sock Jarno's ghost!
Jarno's ghost is almost destroyed.
Jarno's ghost hits you.
* * * LOW HITPOINT WARNING * * *
You writhe in agony.
* * * LOW HITPOINT WARNING * * *
Some of the chunks of flesh in your inventory have rotted away.
You closely miss Jarno's ghost.
Jarno's ghost is almost destroyed.
Jarno's ghost hits you but does no damage.
Jarno's ghost hits you!
You die...

█████████████'████......
█....██...█........█████
█.........█(.......█...█
█.........H........█...██
█........W█........█....█
█....██████........█'████ .
█....██...██████████.<.█
...█.....(...........█....█
...████(██.@.........'....█
█.....(..█.W.........█....█
+.....(..█....███....██...█
█.....(..█....██████'██...██
█....((..█.....█............
█...(.(..'.....+............
█..(.....█.....█............
██+███..(..<..█.....█..........██
........(██W███.....█..........█


You could see Jarno's ghost.

Vanquished Creatures
  Prince Ribbit (D:6)
  A hippogriff (D:8)
  Sigmund (D:5)
  Grum (D:8)
  2 hungry ghosts (D:7)
  Duvessa (D:6)
  3 phantoms
  2 ice beasts
  4 wolves (D:7)
  3 ogres
  The ghost of Raws the Bolt Thrower, an amateur DsHu (D:3)
  4 centaurs
  Blork the orc (D:5)
  9 bullfrogs
  Dowan (D:6)
  3 killer bees (D:7)
  2 crimson imps (D:7)
  A quasit (D:7)
  2 bullfrog zombies
  5 orc priests
  Crazy Yiuf (D:3)
  5 hounds
  2 jellies
  2 bullfrog skeletons
  Jessica (D:2)
  A centaur skeleton (D:6)
  7 orc wizards
  Terence (D:3)
  3 iguanas
  5 worker ants
  2 big kobold zombies (Ossuary)
  A hound skeleton (D:7)
  8 mummies (Ossuary)
  Robin (D:3)
  8 gnolls
  10 adders
  2 shadow imps
  4 oozes
  An adder skeleton (D:4)
  An adder zombie (D:5)
  3 dart slugs
  4 worms
  6 leopard geckos
  20 orcs
  2 ball pythons (D:2)
  3 giant cockroaches
  2 gnoll zombies (Ossuary)
  15 goblins
  8 hobgoblins
  5 jackals
  4 quokkas
  6 bats
  6 frilled lizards
  A hobgoblin zombie (Ossuary)
  A jackal zombie (D:5)
  5 kobolds
  2 kobold zombies (Ossuary)
  An orc zombie (Ossuary)
  9 rats
217 creatures vanquished.

Notes
Turn   | Place    | Note
-------+----------+-------------------------------------------
     0 | D:1      | nht the Minotaur Wanderer began the quest for the Orb.
     0 | D:1      | nht set off with: a +2 scale mail, a +0 shortbow, 28 arrows, a scroll of teleportation, a bread ration
     0 | D:1      | Reached XP level 1. HP: 18/18 MP: 0/0
   208 | D:1      | Reached XP level 2. HP: 25/25 MP: 1/1
   280 | D:1      | Reached skill level 4 in Bows
   723 | D:2      | Reached XP level 3. HP: 30/30 MP: 2/2
   751 | D:2      | Found an iron altar of Okawaru.
   780 | D:2      | Became a worshipper of Warmaster Okawaru
   846 | D:2      | Reached skill level 5 in Bows
   847 | D:2      | Gained mutation: You have large cloven feet. [potion of mutation]
   847 | D:2      | Gained mutation: Your spells are a little easier to cast, but a little less powerful. [potion of mutation]
   847 | D:2      | Gained mutation: You possess an exceptional clarity of mind. [potion of mutation]
   927 | D:2      | Reached XP level 4. HP: 16/37 MP: 3/3
  1031 | D:2      | Noticed Jessica
  1037 | D:2      | Killed Jessica
  1095 | D:2      | Reached skill level 6 in Bows
  1457 | D:3      | Reached XP level 5. HP: 42/42 MP: 4/4
  1489 | D:3      | Noticed Raws's ghost (amateur DsHu)
  1845 | D:3      | Found a runed door.
  1928 | D:3      | Noticed Terence
  1934 | D:3      | Killed Terence
  2074 | D:3      | Reached * piety under Okawaru
  2315 | D:3      | Noticed Robin
  2331 | D:3      | Killed Robin
  2331 | D:3      | Reached skill level 7 in Bows
  2453 | D:3      | Killed Raws's ghost
  2453 | D:3      | Reached XP level 6. HP: 44/50 MP: 3/5
  2869 | D:3      | Noticed Crazy Yiuf
  2877 | D:3      | Paralysed by Crazy Yiuf for 6 turns
  2897 | D:3      | Killed Crazy Yiuf
  3160 | D:4      | Reached skill level 8 in Bows
  3443 | D:4      | Reached XP level 7. HP: 56/56 MP: 6/6
  3480 | D:4      | Reached ** piety under Okawaru
  3497 | D:4      | Reached skill level 9 in Bows
  3557 | D:4      | Found a glowing golden altar of the Shining One.
  3712 | D:5      | Entered Level 5 of the Dungeon
  3736 | D:5      | Noticed Sigmund
  3754 | D:5      | Killed Sigmund
  3792 | D:5      | Noticed Blork the orc
  3809 | D:5      | Killed Blork the orc
  3809 | D:5      | Reached skill level 10 in Bows
  4020 | D:5      | Found a sand-covered staircase.
  4025 | Ossuary  | Entered an ossuary
  4081 | Ossuary  | Reached XP level 8. HP: 62/62 MP: 7/7
  4350 | D:5      | Reached skill level 11 in Bows
  4400 | D:5      | Reached *** piety under Okawaru
  4645 | D:6      | Noticed Prince Ribbit
  4654 | D:6      | Killed Prince Ribbit
  4654 | D:6      | Reached skill level 12 in Bows
  4873 | D:6      | Received a gift from Okawaru
  5075 | D:6      | Noticed Dowan
  5076 | D:6      | Noticed Duvessa
  5094 | D:6      | Killed Dowan
  5094 | D:6      | Reached XP level 9. HP: 58/68 MP: 8/8
  5201 | D:6      | Killed Duvessa
  5201 | D:6      | Reached skill level 13 in Bows
  5375 | D:6      | Received a gift from Okawaru
  5984 | D:6      | Reached **** piety under Okawaru
  6176 | D:7      | Reached skill level 14 in Bows
  6233 | D:7      | Found a blossoming altar of Fedhas.
  6245 | D:7      | Received a gift from Okawaru
  6717 | D:7      | Found a staircase to the Ecumenical Temple.
  6849 | D:7      | Found a shattered altar of Ashenzari.
  6860 | D:7      | Reached ***** piety under Okawaru
  6890 | D:7      | Reached skill level 15 in Bows
  7085 | D:7      | Found an opulent altar of Gozag.
  7085 | D:7      | Found an ancient bone altar of Kikubaaqudgha.
  7085 | D:7      | Found a burning altar of Makhleb.
  7146 | D:7      | Received a gift from Okawaru
  7146 | D:7      | Reached XP level 10. HP: 74/74 MP: 9/9
  7207 | D:8      | Noticed Grum
  7648 | D:8      | Killed Grum
  7812 | D:8      | Noticed Jarno's ghost (novice MiFi)
  8544 | D:8      | Slain by Jarno's ghost

Vault maps used:
D:1:      nagdon_arrival_zigzag_paths, serial_bayou_lagoon_a, minmay_circled_x
D:2:      old_standard_altar, minmay_misc_feat_chi, uniq_jessica
D:3:      kennysheep_six_static_rooms, first_bread, uniq_crazy_yiuf_cottage,
          uniq_robin, uniq_terence
D:4:      tso_altar
D:5:      enter_ossuary_2, minmay_tree_intersection, uniq_sigmund,
          uniq_blork_the_orc
D:6:      uniq_duvessa, uniq_prince_ribbit1
D:7:      minitemple, lemuel_crystal_altar, fedhas_bush_and_centaur_altar,
          grunt_ogre_cave
D:8:      lightli_temple_of_fire, serial_shops, shop, uniq_joseph, uniq_grum
Ossuary:  ossuary_tomb_3

Skill      XL: |  1  2  3  4  5  6  7  8  9 |
---------------+----------------------------+-----
Bows           | 4 5 6 7 8 10 12 15 | 15.7
Fighting       | |  2.4
Polearms       | |  1.2
Armour         | |  1.2
Dodging        | |  1.1
Shields        | |  2.4

Action                   |  1- 3 |  4- 6 |  7- 9 | 10-12 || total
-------------------------+-------+-------+-------+-------++-------
Melee: Shortbow          |       |       |     2 |       ||     2
       Headbutt          |       |       |     5 |     2 ||     7
       Flail             |       |       |    48 |       ||    48
       Quarterstaff      |       |       |       |    19 ||    19
 Fire: Shortbow          |   113 |   311 |   607 |   150 ||  1181
Invok: Heroism           |       |     1 |     4 |     3 ||     8
Evoke: Wand              |       |       |     5 |     3 ||     8
  Use: Potion            |     3 |     4 |     5 |     4 ||    16
       Scroll            |       |     6 |     6 |     3 ||    15
  Eat: Chunk             |       |     7 |    15 |     4 ||    26
       Pizza             |       |       |     1 |       ||     1
Armor: Scale mail        |    26 |    84 |   115 |    45 ||   270
       Skin              |       |       |    66 |       ||    66
Dodge: Dodged            |    23 |    66 |   108 |    64 ||   261
